[ AOE2 MATCH · #463287815 ]
UnrankedEthiopians vs Mapuche
Player's team · LOSS
Rival team · WIN
[ REPLAY ANALYSIS · EXTRACTED FROM THE RECORDED GAME ]
Feudal
11:08
Castle
16:18
Imperial
41:01
| APM avg | 24.5 |
| APM peak | 65 |
| eAPM avg | 12.6 |
| Villagers / military | 91 / 57 |
Focus
⚔️ 20.7% · 🌾 79.3%
Archer ×18 · Scorpion ×13 · Camel Scout ×11 · Mangonel ×4 · Battering Ram ×4 · Monk ×2
Feudal
10:57
Castle
16:48
Imperial
—
| APM avg | 16.9 |
| APM peak | 48 |
| eAPM avg | 9.6 |
| Villagers / military | 71 / 53 |
Focus
⚔️ 25.6% · 🌾 74.4%
Bolas Rider ×24 · Kona ×14 · Skirmisher ×13 · Unknown (2550) ×10 · Spearman ×2
Match map
Initial resources + every placement click. Lines = walls · curves = elevation contours. ◆ gold · ⬟ stone · ● berries · ✦ relic · ◌ wall gap
Your base· Open — unwalled flank
Rey Pescadito's base· Open — unwalled flank
Smoothed initial terrain · ◌ = detected wall gap · hover for details
Inputs per minute
— JAPO - - Rey Pescadito
Build order — JAPO
First 150 of 231 actions detected
| 0:01 | Create | Villager (Male) |
| 0:01 | Create | Villager (Male) |
| 0:01 | Create | Villager (Male) |
| 0:02 | Create | Villager (Male) |
| 0:02 | Create | Villager (Male) |
| 0:04 | Build | House |
| 0:06 | Build | House |
| 1:27 | Create | Villager (Male) |
| 1:28 | Create | Villager (Male) |
| 1:54 | Build | Lumber Camp |
| 1:54 | Create | Villager (Male) |
| 1:55 | Create | Villager (Male) |
| 2:18 | Build | House |
| 2:33 | Create | Villager (Male) |
| 2:33 | Create | Villager (Male) |
| 2:40 | Create | Villager (Male) |
| 3:18 | Create | Villager (Male) |
| 3:18 | Create | Villager (Male) |
| 3:31 | Create | Villager (Male) |
| 3:32 | Create | Villager (Male) |
| 3:53 | Create | Villager (Male) |
| 3:54 | Create | Villager (Male) |
| 4:19 | Build | Mill |
| 4:27 | Create | Villager (Male) |
| 4:54 | Create | Villager (Male) |
| 5:13 | Create | Villager (Male) |
| 5:28 | Create | Villager (Male) |
| 5:34 | Build | House |
| 6:02 | Create | Villager (Male) |
| 6:30 | Create | Villager (Male) |
| 6:56 | Create | Villager (Male) |
| 7:19 | Research | Loom |
| 7:36 | Create | Villager (Male) |
| 7:55 | Create | Villager (Male) |
| 8:06 | Build | Barracks |
| 8:38 | Build | House |
| 8:43 | Build | Palisade Wall |
| 8:58 | Research | Feudal Age |
| 8:59 | Research | Feudal Age |
| 8:59 | Research | Feudal Age |
| 9:39 | Create | Villager (Male) |
| 9:51 | Build | Farm |
| 9:54 | Build | Farm |
| 10:01 | Build | House |
| 10:02 | Build | House |
| 10:14 | Build | House |
| 11:08 | Age | Feudal Age |
| 11:11 | Build | Palisade Wall |
| 11:13 | Create | Villager (Male) |
| 11:19 | Build | Market |
| 11:33 | Create | Villager (Male) |
| 12:01 | Build | Blacksmith |
| 12:03 | Create | Villager (Male) |
| 12:16 | Create | Militia |
| 12:32 | Create | Villager (Male) |
| 12:51 | Create | Villager (Male) |
| 12:58 | Create | Villager (Male) |
| 13:30 | Research | Castle Age |
| 14:06 | Build | Lumber Camp |
| 15:01 | Create | Villager (Male) |
| 15:20 | Build | House |
| 15:48 | Build | Archery Range |
| 15:59 | Create | Villager (Male) |
| 16:16 | Create | Villager (Male) |
| 16:18 | Age | Castle Age |
| 16:25 | Build | Siege Workshop |
| 16:31 | Create | Archer |
| 16:32 | Create | Archer |
| 16:32 | Create | Archer |
| 16:56 | Build | Farm |
| 17:04 | Create | Villager (Male) |
| 17:10 | Create | Archer |
| 17:13 | Build | House |
| 17:15 | Create | Scorpion |
| 17:15 | Create | Scorpion |
| 17:16 | Create | Scorpion |
| 17:36 | Build | Lumber Camp |
| 17:38 | Create | Villager (Male) |
| 17:54 | Create | Mangonel |
| 17:57 | Build | House |
| 17:59 | Create | Archer |
| 17:59 | Create | Archer |
| 18:11 | Research | Fletching |
| 18:13 | Create | Villager (Male) |
| 18:28 | Create | Scorpion |
| 18:28 | Create | Scorpion |
| 18:42 | Build | House |
| 19:15 | Create | Archer |
| 19:15 | Create | Archer |
| 19:35 | Create | Scorpion |
| 19:35 | Create | Scorpion |
| 19:35 | Create | Scorpion |
| 20:11 | Create | Archer |
| 20:11 | Create | Archer |
| 20:23 | Build | Stable |
| 20:51 | Create | Archer |
| 20:52 | Create | Archer |
| 21:18 | Create | Scorpion |
| 21:18 | Create | Scorpion |
| 21:19 | Create | Scorpion |
| 21:40 | Create | Knight |
| 21:40 | Create | Knight |
| 21:50 | Create | Scorpion |
| 21:50 | Create | Scorpion |
| 22:31 | Build | Monastery |
| 22:37 | Create | Archer |
| 22:37 | Create | Archer |
| 22:40 | Create | Camel Scout |
| 22:40 | Create | Camel Scout |
| 22:43 | Build | Farm |
| 22:45 | Build | Farm |
| 22:47 | Create | Villager (Male) |
| 22:47 | Create | Villager (Male) |
| 23:07 | Create | Villager (Male) |
| 23:08 | Create | Villager (Male) |
| 23:14 | Build | House |
| 23:20 | Create | Skirmisher |
| 23:20 | Create | Skirmisher |
| 23:32 | Create | Villager (Male) |
| 23:36 | Create | Archer |
| 23:43 | Create | Battering Ram |
| 23:43 | Create | Battering Ram |
| 24:03 | Build | House |
| 24:24 | Create | Villager (Male) |
| 24:24 | Create | Villager (Male) |
| 24:31 | Build | Town Center |
| 25:53 | Create | Mangonel |
| 25:53 | Create | Mangonel |
| 26:00 | Create | Villager (Male) |
| 26:01 | Create | Villager (Male) |
| 26:07 | Create | Monk |
| 26:07 | Create | Monk |
| 26:18 | Create | Archer |
| 26:19 | Create | Archer |
| 26:19 | Create | Archer |
| 26:31 | Create | Villager (Male) |
| 26:31 | Create | Villager (Male) |
| 28:10 | Create | Villager (Male) |
| 28:24 | Create | Battering Ram |
| 28:24 | Create | Battering Ram |
| 28:31 | Build | House |
| 28:31 | Create | Villager (Male) |
| 28:31 | Create | Villager (Male) |
| 28:47 | Create | Villager (Male) |
| 28:48 | Create | Villager (Male) |
| 28:52 | Build | Farm |
| 28:52 | Build | Farm |
| 28:53 | Build | Farm |
| 28:53 | Build | Farm |
| 28:53 | Build | Farm |
Build order — Rey Pescadito
First 150 of 222 actions detected
| 0:05 | Build | House |
| 0:07 | Build | House |
| 0:12 | Create | Villager (Male) |
| 0:13 | Create | Villager (Male) |
| 0:13 | Create | Villager (Male) |
| 0:13 | Create | Villager (Male) |
| 1:29 | Create | Villager (Male) |
| 2:03 | Create | Villager (Male) |
| 2:57 | Create | Villager (Male) |
| 2:58 | Create | Villager (Male) |
| 3:30 | Create | Villager (Male) |
| 4:08 | Create | Villager (Male) |
| 4:20 | Build | Settlement |
| 4:30 | Create | Villager (Male) |
| 5:02 | Create | Villager (Male) |
| 5:42 | Create | Villager (Male) |
| 5:42 | Create | Villager (Male) |
| 6:14 | Create | Villager (Male) |
| 6:40 | Build | Settlement |
| 6:52 | Create | Villager (Male) |
| 7:20 | Create | Villager (Male) |
| 8:04 | Create | Villager (Male) |
| 8:44 | Create | Villager (Male) |
| 8:47 | Research | Feudal Age |
| 8:48 | Research | Loom |
| 9:16 | Build | Farm |
| 9:35 | Create | Villager (Male) |
| 9:57 | Build | Farm |
| 10:02 | Build | Farm |
| 10:03 | Build | Farm |
| 10:07 | Build | Farm |
| 10:36 | Build | Barracks |
| 10:57 | Age | Feudal Age |
| 10:59 | Create | Villager (Male) |
| 11:30 | Build | Blacksmith |
| 11:32 | Build | Palisade Wall |
| 11:37 | Build | Palisade Wall |
| 11:57 | Build | Archery Range |
| 12:01 | Create | Villager (Male) |
| 12:10 | Build | House |
| 12:18 | Create | Villager (Male) |
| 12:47 | Create | Villager (Male) |
| 13:26 | Create | Villager (Male) |
| 13:45 | Build | Settlement |
| 14:08 | Research | Castle Age |
| 14:09 | Research | Castle Age |
| 14:16 | Build | Farm |
| 14:17 | Build | Farm |
| 14:32 | Build | Farm |
| 14:49 | Build | Farm |
| 14:52 | Create | Skirmisher |
| 14:53 | Create | Skirmisher |
| 14:58 | Create | Skirmisher |
| 15:28 | Build | House |
| 15:45 | Create | Skirmisher |
| 15:50 | Research | Double-Bit Axe |
| 16:13 | Create | Villager (Male) |
| 16:33 | Research | Horse Collar |
| 16:48 | Age | Castle Age |
| 16:59 | Build | Archery Range |
| 17:19 | Create | Bolas Rider |
| 17:30 | Research | Tech 1402 |
| 17:32 | Create | Unit 2550 |
| 17:33 | Create | Unit 2550 |
| 17:39 | Build | Barracks |
| 17:56 | Create | Villager (Male) |
| 18:12 | Research | Elite Skirmisher (upgrade) |
| 18:15 | Create | Skirmisher |
| 18:26 | Create | Unit 2550 |
| 18:36 | Create | Skirmisher |
| 18:39 | Create | Skirmisher |
| 19:12 | Create | Villager (Male) |
| 19:12 | Create | Villager (Male) |
| 19:15 | Build | Farm |
| 19:50 | Create | Unit 2550 |
| 19:52 | Create | Unit 2550 |
| 19:58 | Build | Farm |
| 20:04 | Build | Farm |
| 20:27 | Build | House |
| 20:32 | Create | Bolas Rider |
| 20:35 | Create | Bolas Rider |
| 20:38 | Create | Unit 2550 |
| 20:39 | Create | Unit 2550 |
| 21:00 | Create | Skirmisher |
| 21:01 | Create | Skirmisher |
| 21:10 | Build | Farm |
| 21:26 | Research | Fletching |
| 21:53 | Create | Villager (Male) |
| 21:54 | Create | Villager (Male) |
| 22:02 | Build | Settlement |
| 22:26 | Build | House |
| 22:36 | Create | Spearman |
| 22:38 | Create | Spearman |
| 23:12 | Create | Villager (Male) |
| 23:26 | Create | Unit 2550 |
| 23:29 | Create | Unit 2550 |
| 23:32 | Create | Skirmisher |
| 23:34 | Create | Skirmisher |
| 24:09 | Create | Unit 2550 |
| 24:18 | Create | Skirmisher |
| 24:25 | Create | Skirmisher |
| 26:39 | Build | Castle |
| 26:51 | Research | Forging |
| 28:41 | Create | Bolas Rider |
| 28:41 | Create | Bolas Rider |
| 28:41 | Create | Bolas Rider |
| 28:42 | Create | Bolas Rider |
| 28:43 | Create | Bolas Rider |
| 28:48 | Create | Bolas Rider |
| 28:48 | Create | Bolas Rider |
| 28:49 | Create | Bolas Rider |
| 28:54 | Create | Villager (Male) |
| 28:57 | Build | Farm |
| 29:32 | Build | Farm |
| 29:35 | Create | Villager (Male) |
| 30:05 | Create | Bolas Rider |
| 30:14 | Build | Farm |
| 30:45 | Create | Bolas Rider |
| 30:53 | Build | Market |
| 30:57 | Create | Villager (Male) |
| 31:08 | Create | Kona |
| 31:09 | Create | Kona |
| 31:26 | Create | Villager (Male) |
| 31:32 | Create | Villager (Male) |
| 31:53 | Create | Kona |
| 31:57 | Research | Bodkin Arrow |
| 32:00 | Create | Bolas Rider |
| 32:07 | Create | Villager (Male) |
| 32:12 | Create | Kona |
| 32:37 | Build | University |
| 32:42 | Create | Villager (Male) |
| 32:48 | Build | Farm |
| 32:51 | Build | Farm |
| 33:55 | Create | Kona |
| 33:55 | Create | Kona |
| 33:59 | Create | Bolas Rider |
| 34:00 | Create | Bolas Rider |
| 34:27 | Build | Town Center |
| 34:30 | Create | Villager (Male) |
| 34:31 | Create | Villager (Male) |
| 34:31 | Create | Villager (Male) |
| 34:45 | Create | Villager (Male) |
| 34:46 | Create | Villager (Male) |
| 35:13 | Create | Kona |
| 35:40 | Create | Kona |
| 35:50 | Research | Bow Saw |
| 36:37 | Research | Gold Mining |
| 36:46 | Create | Villager (Male) |
| 36:46 | Create | Villager (Male) |
| 36:52 | Build | Farm |
Match timeline
| 8:06 | JAPO · first_building Barracks |
| 8:43 | JAPO · wall_segment Palisade Wall x6 |
| 10:36 | Rey Pescadito · first_building Barracks |
| 10:57 | Rey Pescadito · age_up feudal |
| 11:08 | JAPO · age_up feudal |
| 11:11 | JAPO · wall_segment Palisade Wall x2 |
| 11:32 | Rey Pescadito · wall_segment Palisade Wall x1 |
| 11:37 | Rey Pescadito · wall_segment Palisade Wall x1 |
| 11:57 | Rey Pescadito · first_building Archery Range |
| 13:09 | JAPO · first_market_buy 100 food |
| 13:13 | JAPO · first_market_sell 100 stone |
| 15:48 | JAPO · first_building Archery Range |
| 16:18 | JAPO · age_up castle |
| 16:25 | JAPO · first_building Siege Workshop |
| 16:48 | Rey Pescadito · age_up castle |
| 20:23 | JAPO · first_building Stable |
| 22:31 | JAPO · first_building Monastery |
| 26:39 | Rey Pescadito · first_building Castle |
| 31:40 | Rey Pescadito · first_market_sell 100 stone |
| 31:43 | Rey Pescadito · first_market_buy 100 food |
| 41:01 | JAPO · age_up imperial |
| 47:36 | JAPO · resign |
[ AI ANALYSIS · 1 CREDIT ]
What really happened in this match?
Wolo.gg analyzes every decision: build order, eco, micro, common mistakes by bracket. Personalized analysis on WhatsApp or Discord in 30 seconds.
Civ guide
Ethiopians
Perfil
Jugador #16396282